 Dungeon Crawl Stone Soup version 0.20-a0-441-g89e74e4 (webtiles) character file.

232 Kriby the Skirmisher (level 5, -11/44 HPs)
             Began as a Mummy Fighter on Jan 6, 2017.
             Killed from afar by an orc wizard (13 damage)
             ... with a puff of flame
             ... on level 3 of the Dungeon.
             The game lasted 00:01:35 (2367 turns).

Kriby the Skirmisher (Mummy Fighter)                Turns: 2367, Time: 00:01:36

Health: -11/44     AC:  7    Str: 21    XL:     5   Next: 73%
Magic:  5/5        EV:  7    Int:  7    God:
Gold:   78         SH:  0    Dex: 11    Spells: 4/4 levels left

rFire  x . .     SeeInvis .     a - +0 war axe
rCold  + . .     Gourm    .     b - +0 scale mail
rNeg   + + +     Faith    .     c - +0 shield
rPois  ∞         Spirit   .     (no helmet)
rElec  .         Reflect  .     d - +0 cloak
rCorr  .         Harm     .     (no gloves)
MR     .....                    (no boots)
Stlth  ..........               (no amulet)
                                (no ring)
                                (no ring)

@: confused
A: no food or potions, fire vulnerability, cold resistance 1, negative energy
resistance 3, torment resistance, unbreathing
a: no special abilities


You were on level 3 of the Dungeon.
You were not hungry.

You visited 1 branch of the dungeon, and saw 3 of its levels.

You collected 78 gold pieces.

Inventory:

Hand Weapons
 a - a +0 war axe (weapon)
Armour
 b - a +0 scale mail (worn)
 c - a +0 shield (worn)
 d - a +0 cloak (worn)
Scrolls
 e - a scroll of identify {unknown}
 f - 2 scrolls of magic mapping {unknown}
 g - a scroll of random uselessness {unknown}
 h - 3 scrolls of teleportation {unknown}


   Skills:
 * Level 5.1 Fighting
 + Level 2.7 Axes
 + Level 1.9 Throwing
 - Level 2.4 Armour
 - Level 2.4 Shields


You had 4 spell levels left.
You didn't know any spells.

Dungeon Overview and Level Annotations

Branches:
Dungeon (3/15)

Altars:


Innate Abilities, Weirdness & Mutations

You do not eat or drink.
Your flesh is vulnerable to fire.
You are immune to poison.
Your flesh is cold resistant. (rC+)
You are immune to negative energy. (rN+++)
You are immune to unholy pain and torment.
You can survive without breathing.


Message History

You hear some strange, mumbled words.
A puff of flame appears from out of thin air!
The puff of flame hits you! The fire burns you terribly!
* * * LOW HITPOINT WARNING * * *
You closely miss something. Something hits you.
* * * LOW HITPOINT WARNING * * *
You hit something.
Something hits you but does no damage. x2
You miss something. Something hits you but does no damage.
You hear some strange, mumbled words.
You are confused.
You hear some strange, mumbled words.
A puff of flame appears from out of thin air!
The puff of flame misses you.
You closely miss something. Something hits you.
* * * LOW HITPOINT WARNING * * *
You miss something. Something hits you but does no damage.
You hear some strange, mumbled words.
A puff of flame appears from out of thin air!
The puff of flame hits you! The fire burns you terribly!
You die...

...###### ........#####
#######..#... ###.....
###########.......
.#######...........###...
.......).########### #...
.......{@# #...
.^....##.†...... ####
....#. ###...... ..( #
...... ...# .. ..... #..
# ###[. ##. .


There were no monsters in sight!

Vanquished Creatures
  Sigmund (D:2)
  2 adders
  An ooze (D:2)
  2 worms
  2 dart slugs (D:2)
  A leopard gecko (D:3)
  2 orcs (D:3)
  2 ball pythons
  A giant cockroach (D:1)
  5 goblins
  7 hobgoblins
  2 jackals (D:3)
  7 bats
  3 frilled lizards
  10 kobolds
  4 rats
52 creatures vanquished.

Notes
Turn   | Place    | Note
-------+----------+-------------------------------------------
     0 | D:1      | Kriby the Mummy Fighter began the quest for the Orb.
     0 | D:1      | Reached XP level 1. HP: 18/18 MP: 1/1
   406 | D:1      | Reached XP level 2. HP: 23/24 MP: 2/2
  1338 | D:2      | Reached XP level 3. HP: 28/30 MP: 3/3
  1351 | D:2      | Noticed Sigmund
  1367 | D:2      | Killed Sigmund
  1367 | D:2      | Reached skill level 4 in Fighting
  1367 | D:2      | Reached skill level 1 in Throwing
  1367 | D:2      | Reached XP level 4. HP: 17/38 MP: 4/4
  1367 | D:2      | Reached XP level 5. HP: 20/43 MP: 5/5
  2184 | D:3      | Reached skill level 5 in Fighting
  2361 | D:3      | HP: 2/44 [something (2)]
  2367 | D:3      | Killed from afar by an orc wizard

Vault maps used:
D:1:      lemuel_arrival_broad_hall
D:2:      serial_bayou_lagoon_a, uniq_sigmund
D:3:      kennysheep_slug_shrine

Skill      XL: |  1  2  3  4  5 |
---------------+----------------+-----
Fighting       | 4 5 |  5.1
Axes           | 2 |  2.7
Throwing       | 1 |  1.9
Armour         | |  2.4
Shields        | |  2.4

Action                   |  1- 3 |  4- 6 || total
-------------------------+-------+-------++-------
Melee: War axe           |    79 |    92 ||   171
Armor: Scale mail        |    24 |    50 ||    74
Dodge: Dodged            |    30 |    33 ||    63
Block: Shield            |    34 |    44 ||    78
